[Event "Titled Tuesday Blitz August 15 Early 2023"]
[White "Guliyev, Namig"]
[Black "EvgenyBurmakin"]
[WhiteFideId "13400363"]
[WhiteElo "2762"]
[BlackElo "2292"]
[Result "1-0"]
[Round "7"]
[TimeControl "180+1"]
[Date "2023.08.15"]
[WhiteClock "0:01:01"]
[BlackClock "0:00:03"]
[Board "62"]

1. d4 Nf6 2. Nf3 g6 3. c4 Bg7 4. Nc3 O-O 5. g3 d6 6. Bg2 Nbd7 7. O-O e5 8. e4 c6 9. Re1 Re8 10. h3 a6 11. d5 c5 12. a4 b6 13. a5 bxa5 14. Qa4 Rb8 15. Qxa5 Rb4 16. Bf1 Qxa5 17. Rxa5 Nb6 18. Na2 Nxc4 19. Nxb4 Nxa5 20. Nxa6 Bxa6 21. Bxa6 Rb8 22. Nd2 Bh6 23. f3 Rb6 24. Bf1 Kg7 25. Re2 Nh5 26. Kf2 f5 27. Bg2 fxe4 28. fxe4 Rb7 29. Bf3 Nf6 30. h4 Nd7 31. Ke1 Nb8 32. Kd1 Na6 33. Re1 Nb4 34. Be2 Na2 35. Kc2 Nxc1 36. Rxc1 Bxd2 37. Kxd2 Rxb2+ 38. Ke3 Nb3 39. Ra1 Nd4 40. Ra7+ Kh6 41. Bd1 Rg2 42. g4 Rg3+ 43. Kf2 Rh3 44. g5# 1-0


[Site "https://www.chess.com"]

[Event "Titled Tuesday Blitz August 15 Early 2023"]
[White "Thecourseoisildur"]
[Black "Weetik, Vjacheslav"]
[BlackFideId "4153472"]
[WhiteElo "2552"]
[BlackElo "2733"]
[Result "1-0"]
[Round "7"]
[TimeControl "180+1"]
[Date "2023.08.15"]
[WhiteClock "0:00:02"]
[BlackClock "0:00:00"]
[Board "63"]

1. d4 Nf6 2. c4 g6 3. Nc3 Bg7 4. e4 d6 5. Be2 O-O 6. h4 c5 7. d5 e6 8. h5 exd5 9. exd5 Re8 10. h6 Bh8 11. Kf1 a6 12. Bg5 Nbd7 13. Nf3 b5 14. cxb5 axb5 15. Bxb5 Qb6 16. a4 Ba6 17. Qd3 Ng4 18. a5 Qb7 19. Bxa6 Rxa6 20. Qb5 Qa7 21. Rh4 Rb8 22. Qe2 Nge5 23. Nxe5 Bxe5 24. f4 Bd4 25. Ne4 Rxa5 26. Rb1 Ra2 27. Nxd6 Raxb2 28. Rxb2 Qa1+ 29. Qe1 Qxb2 30. Rh3 Rf8 31. Rf3 Qc2 32. Bh4 c4 33. Bf2 Bxf2 34. Rxf2 Qb3 35. Rf3 Qa4 36. Rc3 Nf6 37. Rxc4 Qa5 38. Qxa5 Nxd5 39. Qc3 Ne3+ 40. Qxe3 1-0


[Site "https://www.chess.com"]

[Event "Titled Tuesday Blitz August 15 Early 2023"]
[White "Leiva, Gianmarco"]
[Black "Williams, Simon K"]
[WhiteFideId "3804399"]
[BlackFideId "404454"]
[WhiteElo "2718"]
[BlackElo "2550"]
[Result "1-0"]
[Round "7"]
[TimeControl "180+1"]
[Date "2023.08.15"]
[WhiteClock "0:00:05"]
[BlackClock "0:00:25"]
[Board "64"]

1. e4 d6 2. d4 Nf6 3. Nc3 Nbd7 4. Nf3 e5 5. g3 b5 6. Bg2 b4 7. dxe5 dxe5 8. Nd5 Ba6 9. Bg5 Be7 10. Bxf6 Nxf6 11. Nxf6+ Bxf6 12. Bf1 Bxf1 13. Kxf1 O-O 14. Qxd8 Rfxd8 15. Ke2 Kf8 16. Rhd1 Ke7 17. Rxd8 Rxd8 18. a3 Rb8 19. axb4 Rxb4 20. b3 Rxe4+ 21. Kd1 Kd6 22. Rxa7 Rb4 23. Nd2 Kd7 24. c3 Rb5 25. b4 Be7 26. Kc2 f5 27. Nc4 e4 28. Kb3 Bf6 29. Ne3 g6 30. c4 Re5 31. h4 h6 32. b5 Re6 33. Nd5 Bd4 34. Rxc7+ Kd6 35. Rc6+ Ke5 36. f4+ exf3 37. Nf4 Rxc6 38. bxc6 Bb6 39. c5 Bc7 40. Kc4 f2 41. Nd3+ Ke4 42. Nxf2+ Kf3 43. Nd3 Kxg3 44. Kd5 f4 45. Ke6 f3 46. Kd7 Ba5 47. c7 Bxc7 48. Kxc7 Kxh4 49. c6 g5 50. Kd6 g4 51. c7 g3 52. c8=Q f2 53. Nxf2 gxf2 54. Qf5 Kg3 55. Qd3+ Kg2 56. Qe4+ Kg1 57. Qg4+ Kh1 58. Qh3+ Kg1 59. Qg3+ Kf1 60. Ke5 h5 61. Ke4 h4 62. Qh3+ Kg1 63. Qg4+ Kf1 64. Ke3 h3 65. Qe2+ Kg1 66. Qxf2+ Kh1 67. Kf3 h2 68. Qe1# 1-0


[Site "https://www.chess.com"]

[Event "Titled Tuesday Blitz August 15 Early 2023"]
[White "Shyam, Sundar M."]
[Black "Grossboss19"]
[WhiteFideId "5019141"]
[WhiteElo "2698"]
[BlackElo "2546"]
[Result "1-0"]
[Round "7"]
[TimeControl "180+1"]
[Date "2023.08.15"]
[WhiteClock "0:00:02"]
[BlackClock "0:00:00"]
[Board "65"]

1. d4 Nf6 2. Bf4 d5 3. e3 c5 4. c3 Nc6 5. Nd2 e6 6. Ngf3 Nh5 7. Bb5 Nxf4 8. exf4 Bd7 9. O-O Bd6 10. Bxc6 Bxc6 11. Ne5 O-O 12. Re1 Rc8 13. Ndf3 cxd4 14. Nxd4 Bd7 15. Qd2 Re8 16. Rad1 f6 17. Nxd7 Qxd7 18. g3 Bc5 19. Re2 Re7 20. Rde1 Rce8 21. Nb3 Bb6 22. Kg2 Qa4 23. f5 Qxa2 24. Rxe6 Rxe6 25. Qxd5 Qxb2 26. Nd4 Bxd4 27. cxd4 Qb6 28. fxe6 Qc6 29. Qf3 Kf8 30. d5 Qd6 31. Rb1 b6 32. h4 Rd8 33. Rd1 Qe5 34. Qa3+ Kg8 35. Qd3 g6 36. Qf3 Kg7 37. Rd3 Qd6 38. Re3 Qe7 39. Qe4 Qd6 40. h5 f5 41. Qf3 Re8 42. Rd3 Rd8 43. Qe3 Re8 44. h6+ Kg8 45. Qd4 Qe7 46. d6 Qb7+ 47. Kg1 Rxe6 48. Rd1 Qd7 49. Qd5 Kf8 50. Qd4 Kg8 51. Kh1 Re8 52. Kh2 1-0


[Site "https://www.chess.com"]

[Event "Titled Tuesday Blitz August 15 Early 2023"]
[White "Jaskolka, Tomasz"]
[Black "Hua, Lefong"]
[WhiteFideId "1170791"]
[BlackFideId "2602253"]
[WhiteElo "2545"]
[BlackElo "2696"]
[Result "1-0"]
[Round "7"]
[TimeControl "180+1"]
[Date "2023.08.15"]
[WhiteClock "0:00:27"]
[BlackClock "0:00:15"]
[Board "66"]

1. e4 c5 2. Nf3 g6 3. d4 cxd4 4. Qxd4 Nf6 5. e5 Nc6 6. Qa4 Nd5 7. Qe4 Nb6 8. Nc3 Bg7 9. Bg5 d5 10. exd6 Qxd6 11. Nb5 Qd8 12. Rd1 Bd7 13. Nd6+ Kf8 14. Nxb7 Qc7 15. Nc5 Bf5 16. Qe3 Bxb2 17. Bb5 Nb4 18. Bh6+ Kg8 19. O-O Nxc2 20. Qb3 Bg7 21. Bxg7 Kxg7 22. Qb2+ f6 23. Qxc2 Bxc2 24. Ne6+ Kf7 25. Nxc7 Bxd1 26. Nxa8 Bxf3 27. Nxb6 Bb7 28. Bc4+ e6 29. Na4 Rc8 30. Bb3 Ke7 31. h3 e5 32. Nb2 f5 33. Nc4 Ba6 34. Rc1 Kf6 35. Rc2 Rd8 36. Ne3 Rd6 37. h4 h5 38. Nd5+ Kg7 39. Rc7+ Kh6 40. Ne7 g5 41. Nxf5+ 1-0


[Site "https://www.chess.com"]

[Event "Titled Tuesday Blitz August 15 Early 2023"]
[White "Skvortsov, Andrei"]
[Black "Gontcharov, Vladislav"]
[WhiteFideId "24108600"]
[BlackFideId "4123492"]
[WhiteElo "2690"]
[BlackElo "2544"]
[Result "1-0"]
[Round "7"]
[TimeControl "180+1"]
[Date "2023.08.15"]
[WhiteClock "0:01:00"]
[BlackClock "0:00:07"]
[Board "67"]

1. e4 e6 2. d4 d5 3. exd5 exd5 4. Nf3 Nc6 5. Bb5 Bd6 6. c4 dxc4 7. d5 a6 8. Ba4 b5 9. dxc6 bxa4 10. O-O Ne7 11. Qxa4 Bf5 12. Re1 O-O 13. Qxc4 Rb8 14. a3 a5 15. Nc3 Bd3 16. Qa4 Qc8 17. Qxa5 Nxc6 18. Qd5 Qd7 19. g3 Bf5 20. b4 Ne7 21. Qc4 Be6 22. Qd4 Qc6 23. Ne4 Nf5 24. Qc3 Qxc3 25. Nxc3 c5 26. b5 Nd4 27. Nxd4 cxd4 28. Ne4 Be7 29. a4 Bb4 30. Bd2 Bxd2 31. Nxd2 Rfc8 32. Rec1 Rc3 33. Ne4 Rb3 34. Nc5 Rb4 35. Na6 R8xb5 36. axb5 Rxb5 37. Nc7 1-0


[Site "https://www.chess.com"]

[Event "Titled Tuesday Blitz August 15 Early 2023"]
[White "Veiga, Jose Francisco R P Neves"]
[Black "Grebeniuk, Semen"]
[WhiteFideId "1930087"]
[BlackFideId "14117509"]
[WhiteElo "2680"]
[BlackElo "2536"]
[Result "1/2-1/2"]
[Round "7"]
[TimeControl "180+1"]
[Date "2023.08.15"]
[WhiteClock "0:00:05"]
[BlackClock "0:00:03"]
[Board "68"]

1. c4 f5 2. g3 Nf6 3. Bg2 g6 4. Nc3 Bg7 5. d4 d6 6. Nf3 O-O 7. O-O Qe8 8. Qc2 Nc6 9. d5 Ne5 10. b3 Nxf3+ 11. exf3 e5 12. dxe6 Bxe6 13. Re1 Qd7 14. Bb2 Rae8 15. f4 b6 16. Rad1 Bf7 17. Nd5 Bxd5 18. cxd5 Rxe1+ 19. Rxe1 Re8 20. Rc1 Re7 21. h3 Qe8 22. Qd2 a5 23. Bd4 Qf7 24. Kh2 Ne8 25. Bxg7 Qxg7 26. Re1 Kf8 27. Bf3 Rxe1 28. Qxe1 Qe7 29. Qc3 Nf6 30. Kg2 Kg8 31. g4 fxg4 32. hxg4 Qf7 33. Qc4 h6 34. a3 g5 35. fxg5 hxg5 36. b4 axb4 37. axb4 Qe7 38. Kh3 Kg7 39. Be2 Kh6 40. Bd3 Qf7 41. Qd4 Qe7 42. f4 gxf4 43. Qxf4+ Kg7 44. Qf5 Qe5 45. Qg6+ Kf8 46. g5 Qe3+ 47. Kg2 Qd2+ 48. Kf3 Qd1+ 49. Kf2 Qd2+ 50. Kf1 Qd1+ 51. Kf2 Qd2+ 52. Kf3 Qd1+ 53. Ke3 Qe1+ 54. Kf3 Qd1+ 1/2-1/2


[Site "https://www.chess.com"]

[Event "Titled Tuesday Blitz August 15 Early 2023"]
[White "Shishkov, Andrei"]
[Black "Maltsevskaya, Aleksandra"]
[WhiteFideId "4500563"]
[BlackFideId "24174041"]
[WhiteElo "2532"]
[BlackElo "2678"]
[Result "1-0"]
[Round "7"]
[TimeControl "180+1"]
[Date "2023.08.15"]
[WhiteClock "0:00:14"]
[BlackClock "0:00:00"]
[Board "69"]

1. d4 Nf6 2. c4 g6 3. f3 d6 4. e4 Bg7 5. Nc3 O-O 6. Be3 Nc6 7. Qd2 a6 8. O-O-O b5 9. h4 bxc4 10. h5 a5 11. hxg6 fxg6 12. Bxc4+ e6 13. Bh6 a4 14. Bxg7 Kxg7 15. Qh6+ Kf7 16. e5 Ne8 17. Nh3 Qe7 18. Ng5+ Kg8 19. Nxe6 Bxe6 20. Bxe6+ Kh8 21. Bd5 Ra6 22. Be4 dxe5 23. Bxg6 Nxd4 24. Qxh7+ Qxh7 25. Rxh7+ Kg8 26. Be4 Nf6 27. Rxc7 a3 28. b3 Rd8 29. Kb1 Rb8 30. Nd5 Nb5 31. Rc5 Nxe4 32. fxe4 Rd6 33. Rxb5 Rxb5 34. Ne7+ Kf7 35. Rxd6 Kxe7 36. Ra6 Rb4 37. Rxa3 Rxe4 38. Ra7+ Kd6 39. Rg7 Re2 40. a4 Kc5 41. a5 Kb5 42. a6 Kxa6 43. Kc1 Kb5 44. Kd1 Ra2 45. Rg5 Kc5 46. Rxe5+ Kd4 47. Re2 Ra3 48. Ke1 Rxb3 49. Kf2 Rb7 50. g4 Kd3 51. Re8 Rb2+ 52. Kg3 Rb1 53. Kh4 Rh1+ 54. Kg5 Rg1 55. Kf5 Rf1+ 56. Kg6 Kd4 57. g5 Kd5 58. Kg7 Rg1 59. g6 Kd6 60. Kf7 Kd7 61. Re2 Kd6 62. g7 Rf1+ 63. Kg8 Rg1 64. Re8 Kd7 65. Re5 Kd6 66. Re4 Kd7 67. Kf7 Rf1+ 68. Kg6 1-0


[Site "https://www.chess.com"]

[Event "Titled Tuesday Blitz August 15 Early 2023"]
[White "Haug, Havard"]
[Black "Ordekalog"]
[WhiteFideId "1547887"]
[WhiteElo "2666"]
[BlackElo "2525"]
[Result "0-1"]
[Round "7"]
[TimeControl "180+1"]
[Date "2023.08.15"]
[WhiteClock "0:01:49"]
[BlackClock "0:02:38"]
[Board "70"]

1. e4 c5 2. c3 d5 3. exd5 Nf6 4. Qa4+ Bd7 5. Qb3 Qb6 6. c4 e6 7. Qxb6 axb6 8. dxe6 Bxe6 9. Nf3 Nc6 10. Nc3 Nb4 11. Kd1 Ng4 12. Ke2 Bxc4+ 13. Kd1 Nxf2+ 14. Ke1 Nfd3+ 15. Bxd3 Nxd3+ 16. Kd1 Nf2+ 17. Kc2 Bd3+ 18. Kb3 c4# 0-1


[Site "https://www.chess.com"]

[Event "Titled Tuesday Blitz August 15 Early 2023"]
[White "Rodchenkov, Sergey D."]
[Black "Hoang, Thi Bao Tram"]
[WhiteFideId "4168712"]
[BlackFideId "12401102"]
[WhiteElo "2517"]
[BlackElo "2666"]
[Result "0-1"]
[Round "7"]
[TimeControl "180+1"]
[Date "2023.08.15"]
[WhiteClock "0:00:09"]
[BlackClock "0:00:15"]
[Board "71"]

1. e4 c6 2. d4 d5 3. exd5 cxd5 4. Bd3 Nf6 5. h3 g6 6. Nf3 Bg7 7. c3 O-O 8. O-O a6 9. Qc2 Nc6 10. Nbd2 b5 11. a3 Bb7 12. b4 Rc8 13. Nb3 Nd7 14. Bf4 e5 15. dxe5 Ncxe5 16. Nxe5 Nxe5 17. Nc5 Ba8 18. Rfd1 Re8 19. a4 Qf6 20. Be3 Nc4 21. Bd4 Qg5 22. Nxa6 Bxd4 23. cxd4 Ne3 24. f4 Qxf4 25. Qf2 Qxf2+ 26. Kxf2 Nxd1+ 27. Rxd1 bxa4 28. Nc5 Rb8 29. b5 Bb7 30. Rb1 a3 31. Ra1 Bc8 32. Rxa3 Bf5 33. Be2 Be4 34. Ra7 Bxg2 35. Nd7 Rxe2+ 36. Kxe2 Rxb5 37. Ke3 Bxh3 38. Ne5 Be6 39. Kf4 Kg7 40. Nc6 h5 41. Nd8 Rb6 42. Ke5 h4 43. Ra3 Bf5 44. Kf4 Rd6 45. Nb7 Re6 46. Nc5 Re1 47. Kg5 h3 48. Ra2 Rg1+ 49. Kh4 Rg2 50. Ra1 h2 51. Nd3 Bxd3 52. Rh1 Bf5 53. Rxh2 Rxh2+ 54. Kg3 Rh3+ 55. Kf4 Rh4+ 56. Ke5 Re4+ 57. Kd6 Rxd4 58. Kc5 Rd1 59. Kd6 d4 60. Ke5 d3 61. Kf4 d2 62. Ke3 g5 63. Ke2 Bg4+ 64. Ke3 Kg6 65. Kf2 Re1 66. Kg3 d1=Q 67. Kh2 Qe2+ 68. Kg3 Qf3+ 69. Kh2 Rh1# 0-1


[Site "https://www.chess.com"]

[Event "Titled Tuesday Blitz August 15 Early 2023"]
[White "Berezin, Viktor"]
[Black "Dehtiarov, Roman"]
[WhiteFideId "14107872"]
[BlackFideId "14186640"]
[WhiteElo "2512"]
[BlackElo "2664"]
[Result "0-1"]
[Round "7"]
[TimeControl "180+1"]
[Date "2023.08.15"]
[WhiteClock "0:00:27"]
[BlackClock "0:01:26"]
[Board "72"]

1. d4 Nf6 2. Nf3 b6 3. g3 e6 4. Bg2 Bb7 5. O-O c5 6. c4 Be7 7. Nc3 cxd4 8. Nxd4 Bxg2 9. Kxg2 O-O 10. b3 Qc7 11. Bb2 a6 12. Rc1 d6 13. Qd3 Nbd7 14. Rfd1 Rfd8 15. h3 Qb7+ 16. Kg1 Rac8 17. Qe3 Bf8 18. Nf3 Nc5 19. Rd4 e5 20. Rdd1 Ne6 21. Nd5 Nxd5 22. Rxd5 b5 23. Ba1 bxc4 24. bxc4 Rxc4 25. Rdd1 Rxc1 26. Rxc1 Rc8 27. Kh2 Rxc1 28. Qxc1 f6 29. Qc4 d5 30. Qg4 Qb6 31. Kg2 Nc5 32. Qc8 Ne4 33. e3 Qc5 34. Qxa6 Qc2 35. Qe6+ Kh8 0-1


[Site "https://www.chess.com"]

[Event "Titled Tuesday Blitz August 15 Early 2023"]
[White "Martinez Reyes, Pedro Ramon"]
[Black "Komov, Roman"]
[WhiteFideId "3901807"]
[BlackFideId "24175714"]
[WhiteElo "2507"]
[BlackElo "2621"]
[Result "1-0"]
[Round "7"]
[TimeControl "180+1"]
[Date "2023.08.15"]
[WhiteClock "0:00:42"]
[BlackClock "0:00:16"]
[Board "73"]

1. d4 Nf6 2. c4 e6 3. Nf3 d5 4. Nc3 Bb4 5. cxd5 exd5 6. Qa4+ Nc6 7. Bg5 h6 8. Bxf6 Qxf6 9. e3 O-O 10. a3 Bxc3+ 11. bxc3 Qg6 12. Nh4 Qg4 13. Nf3 Bd7 14. Qc2 Bf5 15. Qd1 Rfe8 16. h3 Qg6 17. Nh4 Rxe3+ 18. fxe3 Qg3+ 19. Kd2 Qxh4 20. Qf3 Be4 21. Qf4 Qe7 22. Bd3 Na5 23. Bxe4 Nb3+ 24. Ke2 Nxa1 25. Bxd5 Qxa3 26. Qxf7+ Kh8 27. Rf1 Qb2+ 28. Kf3 Nc2 29. Be4 Qxc3 30. Qg6 Qxe3+ 31. Kg4 Kg8 32. Qh7# 1-0


[Site "https://www.chess.com"]

[Event "Titled Tuesday Blitz August 15 Early 2023"]
[White "Colas, Joshua"]
[Black "Marn, Jan"]
[WhiteFideId "2044447"]
[BlackFideId "14619245"]
[WhiteElo "2617"]
[BlackElo "2498"]
[Result "1-0"]
[Round "7"]
[TimeControl "180+1"]
[Date "2023.08.15"]
[WhiteClock "0:00:17"]
[BlackClock "0:00:04"]
[Board "74"]

1. Nf3 Nf6 2. c4 b6 3. g3 Bb7 4. Bg2 g6 5. b3 Bg7 6. Bb2 O-O 7. O-O d6 8. d4 Nbd7 9. d5 a5 10. Nc3 Nc5 11. Qc2 e5 12. dxe6 fxe6 13. a3 Nfe4 14. b4 Nxc3 15. bxc5 Ne4 16. Bxg7 Kxg7 17. c6 Bxc6 18. Nd4 Qf6 19. Bxe4 Qxd4 20. Bxc6 Rxf2 21. Rxf2 Qxa1+ 22. Kg2 Rf8 23. Rxf8 Kxf8 24. Qe4 Ke7 25. Qf3 Qd4 26. Qe4 Qf6 27. a4 h6 28. Bb5 g5 29. Qc6 Qe5 30. Qxc7+ Kf6 31. Qxb6 Qxe2+ 32. Qf2+ Qxf2+ 33. Kxf2 Ke5 34. Ke3 Kf5 35. Bd7 Ke5 36. Bc8 Kf5 37. Kd4 Kf6 38. c5 e5+ 39. Kd5 dxc5 40. Kxc5 1-0


[Site "https://www.chess.com"]

[Event "Titled Tuesday Blitz August 15 Early 2023"]
[White "RrainlessBobot"]
[Black "ChainedDowntohell"]
[WhiteElo "2478"]
[BlackElo "2615"]
[Result "1-0"]
[Round "7"]
[TimeControl "180+1"]
[Date "2023.08.15"]
[WhiteClock "0:00:03"]
[BlackClock "0:00:00"]
[Board "75"]

1. Nf3 c5 2. g3 Nc6 3. Bg2 e5 4. O-O g6 5. c4 Bg7 6. Nc3 d6 7. Ne1 Nge7 8. Nc2 Be6 9. Ne3 O-O 10. Rb1 a6 11. a3 Rb8 12. b4 cxb4 13. axb4 b5 14. cxb5 axb5 15. Ned5 Nxd5 16. Nxd5 Ne7 17. Qb3 Qd7 18. d3 Rfc8 19. Bg5 Nxd5 20. Bxd5 Bxd5 21. Qxd5 Qe6 22. Qxe6 fxe6 23. Rfc1 d5 24. Be3 Bf8 25. Bd2 Kf7 26. Kf1 Ke8 27. Ke1 Kd7 28. Kd1 Bd6 29. Rc2 Rxc2 30. Kxc2 Ra8 31. Kb3 Rf8 32. f3 Ra8 33. g4 Kc6 34. h4 Be7 35. Rc1+ Kd7 36. h5 gxh5 37. gxh5 Rg8 38. Ra1 Rg2 39. Ra7+ Kd8 40. Ra8+ Kd7 41. Ra7+ Kd8 42. Ra8+ Kd7 43. Rh8 Rxe2 44. Bc3 d4 45. Bb2 Rd2 46. Rxh7 Rxd3+ 47. Kc2 Rxf3 48. Bc1 Kd6 49. h6 Rh3 50. Rh8 e4 51. h7 Rh2+ 52. Kb3 e5 53. Bd2 e3 54. Be1 d3 55. Bg3 Rh3 56. Re8 Kd7 57. h8=Q Rxh8 58. Rxh8 e2 59. Be1 Bg5 60. Rh3 1-0


[Site "https://www.chess.com"]

[Event "Titled Tuesday Blitz August 15 Early 2023"]
[White "Spichkin, Alexander"]
[Black "Belov, Alexei"]
[WhiteFideId "4144074"]
[BlackFideId "4128206"]
[WhiteElo "2469"]
[BlackElo "2613"]
[Result "0-1"]
[Round "7"]
[TimeControl "180+1"]
[Date "2023.08.15"]
[WhiteClock "0:00:09"]
[BlackClock "0:00:08"]
[Board "76"]

1. f4 d5 2. Nf3 Nf6 3. e3 g6 4. Be2 Bg7 5. d3 O-O 6. O-O Nbd7 7. Nc3 c6 8. Qe1 Re8 9. e4 e5 10. Qh4 dxe4 11. dxe4 exf4 12. Bxf4 Nf8 13. Bc4 Be6 14. Bxe6 Nxe6 15. Be5 Nd7 16. Qxd8 Raxd8 17. Bxg7 Kxg7 18. e5 Ndc5 19. Rae1 Nd4 20. Ng5 Re7 21. b4 Nce6 22. Nxe6+ Rxe6 23. Rf2 Nf5 24. g4 Ne7 25. h4 Nd5 26. Rd2 Re7 27. Na4 b6 28. c4 b5 29. cxd5 bxa4 30. d6 Re6 31. Kf2 f6 32. exf6+ Kxf6 33. Red1 Rd7 34. a3 Re4 35. Kf3 Ke5 36. Rd3 Rf4+ 37. Kg3 Re4 38. R1d2 Ke6 39. g5 Re5 40. Kf4 Rd5 41. Re3+ Kxd6 42. Rde2 Rf7+ 43. Kg3 Rd4 44. Re6+ Kd7 45. Rf6 Rd3+ 46. Kg4 Re7 47. Kf4 Rxe2 48. Rf7+ Re7 49. Rf6 Rd4+ 50. Kf3 Rd3+ 51. Kf4 Rd1 52. h5 Rf1+ 53. Kg3 Rxf6 54. gxf6 Rf7 55. hxg6 hxg6 0-1


[Site "https://www.chess.com"]

[Event "Titled Tuesday Blitz August 15 Early 2023"]
[White "Bazilius, Augustinas"]
[Black "Manukyan, Sargis A."]
[WhiteFideId "12832251"]
[BlackFideId "13303970"]
[WhiteElo "2457"]
[BlackElo "2595"]
[Result "1-0"]
[Round "7"]
[TimeControl "180+1"]
[Date "2023.08.15"]
[WhiteClock "0:00:06"]
[BlackClock "0:00:42"]
[Board "77"]

1. d4 d5 2. c4 e6 3. Nf3 Nf6 4. g3 Be7 5. Bg2 O-O 6. O-O dxc4 7. Ne5 Nc6 8. Bxc6 bxc6 9. Nxc6 Qe8 10. Nxe7+ Qxe7 11. Qa4 c5 12. Qxc4 cxd4 13. Qxd4 e5 14. Qh4 h6 15. b3 Rb8 16. Ba3 Qe6 17. Bxf8 Kxf8 18. Qc4 Qe7 19. Rc1 Be6 20. Qc7 Qb4 21. Qc5+ Qxc5 22. Rxc5 Nd7 23. Rc7 a5 24. Nc3 Ra8 25. Na4 g5 26. Rd1 Nf6 27. Nc5 Bh3 28. Rc6 Kg7 29. Rdd6 Ne8 30. Rxh6 Bf5 31. e4 Bg6 32. Rhxg6+ fxg6 33. Ra6 Rc8 34. Rxa5 g4 35. Nd3 Nf6 36. Nxe5 Rc1+ 37. Kg2 Re1 38. Ra4 Re2 39. Kf1 Rb2 40. Nd3 Rb1+ 41. Kg2 Rd1 42. e5 Nd5 43. Nf4 Nc3 44. Ra7+ Kh6 45. e6 Rd2 46. e7 Nd1 47. e8=Q Ne3+ 48. Qxe3 g5 49. Qxd2 gxf4 50. Qd6+ Kh5 51. Ra5# 1-0


[Site "https://www.chess.com"]

[Event "Titled Tuesday Blitz August 15 Early 2023"]
[White "Zavgorodniy, Sergiy"]
[Black "Gheorghiu, Calin"]
[WhiteFideId "14110148"]
[BlackFideId "1200305"]
[WhiteElo "2587"]
[BlackElo "2428"]
[Result "1-0"]
[Round "7"]
[TimeControl "180+1"]
[Date "2023.08.15"]
[WhiteClock "0:01:03"]
[BlackClock "0:00:02"]
[Board "78"]

1. d4 Nf6 2. c4 e6 3. Nf3 Bb4+ 4. Nbd2 O-O 5. g3 b6 6. Bg2 Bb7 7. O-O Re8 8. b3 Bf8 9. Bb2 d6 10. Qc2 Nbd7 11. e4 e5 12. d5 c6 13. Rac1 cxd5 14. cxd5 Rc8 15. Qb1 Nc5 16. Rfe1 Ba6 17. Bf1 Bxf1 18. Kxf1 a5 19. a3 Qd7 20. Kg2 Qb5 21. Rc3 g6 22. Qc2 Bh6 23. Nc4 Red8 24. a4 Qa6 25. h4 Qb7 26. Kg1 Na6 27. Ng5 Nb4 28. Qe2 Ne8 29. Rec1 f6 30. Ne6 Bxc1 31. Nxd8 Rxd8 32. Bxc1 Rc8 33. Bh6 b5 34. axb5 Qxb5 35. Qg4 Qa6 36. Qe6+ Kh8 37. Qf7 a4 38. Qf8# 1-0


[Site "https://www.chess.com"]

[Event "Titled Tuesday Blitz August 15 Early 2023"]
[White "Lach, Aleksandra"]
[Black "Altman, Joshua"]
[WhiteFideId "1134299"]
[BlackFideId "426210"]
[WhiteElo "2403"]
[BlackElo "2584"]
[Result "1-0"]
[Round "7"]
[TimeControl "180+1"]
[Date "2023.08.15"]
[WhiteClock "0:00:42"]
[BlackClock "0:00:08"]
[Board "79"]

1. Nf3 Nf6 2. g3 b6 3. Bg2 Bb7 4. d3 d5 5. O-O e6 6. c3 Be7 7. Ne5 O-O 8. g4 Nbd7 9. Nxd7 Nxd7 10. f4 c5 11. Nd2 Qc7 12. Nf3 Rad8 13. Qe1 Nf6 14. g5 Nh5 15. Qh4 g6 16. Ne5 d4 17. Bxb7 Qxb7 18. c4 Bd6 19. Ng4 Be7 20. Rf3 f5 21. gxf6 Bxf6 22. Nxf6+ Rxf6 23. Bd2 Rdf8 24. Raf1 a6 25. Qg4 Qf7 26. e4 dxe3 27. Bxe3 Ng7 28. Bd2 Nf5 29. Bc3 Nd4 30. Bxd4 cxd4 31. Kg2 Kh8 32. h4 h5 33. Qg5 Kh7 34. Qe5 Qd7 35. Re1 Re8 36. Qxf6 1-0


[Site "https://www.chess.com"]

[Event "Titled Tuesday Blitz August 15 Early 2023"]
[White "Smiechu"]
[Black "Trifan, Andrei Ioan"]
[BlackFideId "12967068"]
[WhiteElo "2403"]
[BlackElo "2568"]
[Result "1-0"]
[Round "7"]
[TimeControl "180+1"]
[Date "2023.08.15"]
[WhiteClock "0:01:35"]
[BlackClock "0:01:11"]
[Board "80"]

1. e4 e5 2. Nf3 Nc6 3. Bb5 a6 4. Ba4 Nf6 5. Qe2 b5 6. Bb3 Bc5 7. a4 b4 8. Bxf7+ Kxf7 9. Qc4+ Ke8 10. Qxc5 Nxe4 11. Qe3 Nf6 12. Nxe5 Nxe5 13. Qxe5+ Kf7 14. O-O Re8 15. Qg3 Bb7 16. d4 Re4 17. f3 Rxd4 18. Be3 Rc4 19. Nd2 Rxc2 20. Ne4 Qe7 21. Bg5 Bxe4 22. fxe4 Qxe4 23. Bxf6 gxf6 24. Rae1 Qd4+ 25. Kh1 Rg8 26. Qh3 Qg4 27. Qxh7+ Rg7 28. Qxc2 1-0


[Site "https://www.chess.com"]

[Event "Titled Tuesday Blitz August 15 Early 2023"]
[White "Mikhaylova, Irina"]
[Black "MaryanKyrychenko"]
[WhiteFideId "4109040"]
[WhiteElo "2318"]
[BlackElo "2562"]
[Result "1/2-1/2"]
[Round "7"]
[TimeControl "180+1"]
[Date "2023.08.15"]
[WhiteClock "0:00:27"]
[BlackClock "0:00:49"]
[Board "81"]

1. d4 Nf6 2. Nf3 d5 3. c4 Bf5 4. Nc3 e6 5. cxd5 exd5 6. Bg5 Be7 7. e3 O-O 8. Bd3 Bg6 9. Ne5 c5 10. Nxg6 hxg6 11. dxc5 Nbd7 12. O-O Nxc5 13. Nb5 a6 14. Nd4 Nce4 15. Bh4 Qb6 16. Qb3 Qa7 17. Rfd1 Rfe8 18. Rac1 Bc5 19. Bxe4 dxe4 20. Bxf6 gxf6 21. Qc2 b6 22. a3 Qb7 23. b4 Bf8 24. Qc6 Qxc6 25. Rxc6 a5 26. Rxb6 axb4 27. axb4 f5 28. b5 Red8 29. Rc6 Bg7 30. h3 Ra4 31. Rb1 Bxd4 32. exd4 Raxd4 33. b6 Rd1+ 34. Rxd1 Rxd1+ 35. Kh2 Rb1 36. Kg3 Kg7 37. h4 Rb2 38. Rd6 Kh6 39. Rf6 Kg7 40. Rd6 Kh6 41. Rf6 Kg7 42. Rd6 1/2-1/2


[Site "https://www.chess.com"]

[Event "Titled Tuesday Blitz August 15 Early 2023"]
[White "Toncheva, Nadya"]
[Black "Afanasieva, Alexandra"]
[WhiteFideId "2924056"]
[BlackFideId "34126926"]
[WhiteElo "2561"]
[BlackElo "2339"]
[Result "1-0"]
[Round "7"]
[TimeControl "180+1"]
[Date "2023.08.15"]
[WhiteClock "0:00:21"]
[BlackClock "0:00:01"]
[Board "82"]

1. e4 c5 2. c3 d5 3. exd5 Qxd5 4. Nf3 Nf6 5. d4 e6 6. Na3 Qd8 7. Nc4 Nc6 8. Be3 Nd5 9. Be2 Be7 10. O-O O-O 11. a4 b6 12. a5 b5 13. Nce5 Nxe5 14. Nxe5 a6 15. Bf3 Bb7 16. dxc5 Qc7 17. Bd4 Bxc5 18. Bxc5 Qxe5 19. Bxf8 Rxf8 20. Qd4 Qg5 21. Qa7 Ba8 22. Bxd5 Bxd5 23. f3 h5 24. Rad1 Bc4 25. Rfe1 b4 26. cxb4 Bb5 27. Qc5 Qg6 28. Rd4 Qf6 29. Qe5 Qg6 30. Red1 Qc2 31. R4d2 Qc4 32. Qc3 Qf4 33. Rd8 Rxd8 34. Rxd8+ Kh7 35. Rd4 Qe5 36. Qc2+ g6 37. Qe4 Qc7 38. h4 Qc1+ 39. Kh2 Qxb2 40. Qf4 Kg7 41. Qe5+ Kh7 42. Re4 Qxe5+ 43. Rxe5 Kg7 44. Rxb5 1-0


[Site "https://www.chess.com"]

[Event "Titled Tuesday Blitz August 15 Early 2023"]
[White "Shapiro, Viktor"]
[Black "Nugumanov, Bakhtiyar"]
[WhiteFideId "4175700"]
[BlackFideId "13701797"]
[WhiteElo "2555"]
[BlackElo "2118"]
[Result "1-0"]
[Round "7"]
[TimeControl "180+1"]
[Date "2023.08.15"]
[WhiteClock "0:00:45"]
[BlackClock "0:00:07"]
[Board "83"]

1. c4 Nf6 2. Nc3 g6 3. g3 Bg7 4. Bg2 O-O 5. Nf3 d6 6. O-O Nc6 7. d3 e5 8. Rb1 Re8 9. b4 e4 10. dxe4 Nxe4 11. Nxe4 Rxe4 12. b5 Nd4 13. Be3 Nf5 14. Qb3 Nxe3 15. fxe3 Qe7 16. Rbd1 Rxe3 17. Rd3 Bh6 18. Nd4 Rxd3 19. Qxd3 Qe3+ 20. Kh1 Rb8 21. Bd5 Bh3 22. Rxf7 Kh8 23. Qxe3 Bxe3 24. Nc2 Bb6 25. Bg2 Bf5 26. Nb4 Be6 27. Re7 Bxc4 28. Nd5 Bxb5 29. Nf6 1-0


[Site "https://www.chess.com"]